 Dungeon Crawl Stone Soup version 0.20-a0-673-g53087c7 (webtiles) character file.

49 M4edhros the Sneak (level 3, -1/23 HPs)
             Began as an Octopode Artificer on Feb 18, 2017.
             Slain by M4edhros's ghost (4 damage)
             ... on level 4 of the Dungeon.
             The game lasted 00:01:08 (949 turns).

M4edhros the Sneak (Octopode Artificer)              Turns: 949, Time: 00:01:08

Health: -1/23      AC:  1    Str: 11    XL:     3   Next: 75%
Magic:  5/5        EV: 13    Int: 13    God:
Gold:   12         SH:  0    Dex: 13    Spells: 2/2 levels left

rFire    . . .     SeeInvis .   a - +0 short sword
rCold    . . .     Gourm    .   (no shield)
rNeg     . . .     Faith    .   (helmet restricted)
rPois    .         Spirit   .   (no amulet)
rElec    .         Reflect  .   k - ring of wizardry
rCorr    .         Harm     .   (no ring)
MR       .....                  (no ring)
Stlth    ++++......             (no ring)
Regen    0.1/turn               (no ring)
MPRegen  0.1/turn               (no ring)
                                (no ring)
                                (no ring)

@: no status effects
A: almost no armour, stealthy swim, amphibious, 8 rings, constrict 8, camouflage
1, gelatinous body 1
a: no special abilities


You were on level 4 of the Dungeon.
You were not hungry.

You visited 1 branch of the dungeon, and saw 4 of its levels.

You collected 12 gold pieces.

Inventory:

Hand Weapons
 a - a +0 short sword (weapon)
Missiles
 i - 2 javelins (quivered)
 m - 51 stones
 n - 30 sling bullets
Jewellery
 k - a ring of wizardry (left tentacle)
Wands
 b - a wand of flame (7/48)
 c - a wand of enslavement (14/24)
 d - a wand of random effects (12/48)
 l - a wand of paralysis (13/24)
Scrolls
 e - a scroll of fear {unknown}
 h - a scroll of enchant armour {unknown}
 j - a scroll of teleportation {unknown}
Comestibles
 f - a bread ration
 g - a royal jelly
 o - a meat ration


   Skills:
 - Level 1.0 Fighting
 - Level 1.0 Short Blades
 - Level 2.0 Dodging
 + Level 5.1 Stealth
 - Level 3.2 Evocations


You had 2 spell levels left.
You didn't know any spells.

Dungeon Overview and Level Annotations

Branches:
Dungeon (4/15)
 Temple: D:4-7

Altars:
Nemelex Xobeh

Annotations:
D:3 Sigmund
D:4 M4edhros's ghost, amateur OpAr


Innate Abilities, Weirdness & Mutations

You cannot wear most types of armour.
You are very stealthy in the water. (Stealth+)
You are amphibious.
You can wear up to eight rings at the same time.
You can use your tentacles to constrict eight enemies at once.
Your skin changes colour to match your surroundings (Stealth+).
Your rubbery body absorbs attacks. (AC +1, EV +1)


Message History

Press: ? - help, Shift-Dir - straight line, f/p - M4edhros's ghost
Aim: M4edhros's ghost (heavily damaged)
The puff of flame hits M4edhros's ghost.
M4edhros's ghost is severely damaged.
This wand has 9 charges left.
M4edhros's ghost closely misses you.
Evoke which item? (* to show all) (? for menu, Esc to quit)
Aiming: Throw Flame
Press: ? - help, Shift-Dir - straight line, f/p - M4edhros's ghost
Aim: M4edhros's ghost (severely damaged)
The puff of flame hits M4edhros's ghost.
M4edhros's ghost is almost destroyed.
This wand has 8 charges left.
M4edhros's ghost hits you.
* * * LOW HITPOINT WARNING * * *
Evoke which item? (* to show all) (? for menu, Esc to quit)
Aiming: Throw Flame
Press: ? - help, Shift-Dir - straight line, f/p - M4edhros's ghost
Aim: M4edhros's ghost (almost destroyed)
The puff of flame misses M4edhros's ghost.
This wand has 7 charges left.
M4edhros's ghost hits you.
You die...

#.# #.# #.# #.# #.#
.######.#
........####
###W@...#######...
#...........$.......
#.###.###.######.##.
#.#...#....#
#.#.###.##.#
#.#......#.#
#.#####..#<# ..
#..#.# #..#.#


You could see M4edhros's ghost.

Vanquished Creatures
  An adder (D:3)
  An ooze (D:3)
  A worm (D:3)
  2 leopard geckos (D:3)
  A bat (D:2)
  2 goblins
  A hobgoblin (D:1)
  7 jackals (D:1)
  A frilled lizard (D:2)
  A kobold (D:2)
  2 rats
20 creatures vanquished.

Vanquished Creatures (collateral kills)
  2 gnolls (D:3)
2 creatures vanquished.

Grand Total: 22 creatures vanquished

Notes
Turn   | Place    | Note
-------+----------+-------------------------------------------
     0 | D:1      | M4edhros the Octopode Artificer began the quest for the Orb.
     0 | D:1      | Reached XP level 1. HP: 13/13 MP: 3/3
    51 | D:1      | Reached skill level 2 in Stealth
    62 | D:1      | Reached skill level 3 in Stealth
    62 | D:1      | Reached XP level 2. HP: 6/18 MP: 4/4
   473 | D:3      | Reached skill level 4 in Stealth
   540 | D:3      | Reached XP level 3. HP: 13/23 MP: 5/5
   548 | D:3      | Noticed Sigmund
   903 | D:3      | Found a sparkling altar of Nemelex Xobeh.
   905 | D:3      | Reached skill level 5 in Stealth
   934 | D:4      | Noticed M4edhros's ghost (amateur OpAr)
   949 | D:4      | Slain by M4edhros's ghost

Vault maps used:
D:1:      scummos_arrival_simple_fountains
D:2:      lemuel_crystal_altar, lemuel_old_faithful
D:3:      nemelex_xobeh_ov_fountains_minmay, kennysheep_generic_room_4,
          uniq_sigmund
D:4:      lemuel_doored_altar, gup_sewer_entry_bubbles, first_bread

Skill      XL: |  1  2  3 |
---------------+----------+-----
Stealth        | 3 4 5 |  5.1
Fighting       | |  1.0
Short Blades   | |  1.0
Dodging        | |  2.0
Evocations     | |  3.2

Action                   || total
-------------------------++-------
Melee: Short sword       ||    47
       Constrict         ||    11
       Tentacles         ||     6
Evoke: Wand              ||    12
 Stab: Sleeping          ||     6
Armor: Skin              ||     2
Dodge: Dodged            ||    35
